 Dungeon Crawl Stone Soup version 0.24-a0-464-g6b2be6b8c7 (webtiles) character file.

Game seed: 17683278163907882038

15 Bikalo the Sneak (level 2, 0/22 HPs)
             Began as a Naga Enchanter on July 3, 2019.
             Slain by a kobold
             ... wielding a +0 club
              (3 damage)
             ... on level 1 of the Dungeon.
             The game lasted 00:00:45 (202 turns).

Bikalo the Sneak (Naga Enchanter)                    Turns: 202, Time: 00:00:46

Health: 0/22       AC:  1    Str: 10    XL:     2   Next: 50%
Magic:  5/5        EV: 10    Int: 15    God:
Gold:   14         SH:  0    Dex: 11    Spells: 4/5 levels left

rFire    . . .     SeeInvis +   a - +1 dagger
rCold    . . .     Gourm    .   (no shield)
rNeg     . . .     Faith    .   b - +0 robe
rPois    +         Spirit   .   (no helmet)
rElec    .         Reflect  .   (no cloak)
rCorr    .         Harm     .   (no gloves)
MR       .....                  (no barding)
Stlth    +++.......             (no amulet)
HPRegen  0.07/turn              (no ring)
MPRegen  0.09/turn              (no ring)

@: very slow
A: large, see invisible, deformed body, poison resistance, slowness 2, slow
metabolism 1, spit poison 1, AC +0
a: Spit Poison


You were on level 1 of the Dungeon.
You were not hungry.

You visited 1 branch of the dungeon, and saw 1 of its levels.

You collected 14 gold pieces.

Inventory:

Hand Weapons
 a - a +1 dagger (weapon)
Armour
 b - a +0 robe (worn)
Scrolls
 e - a scroll of identify {unknown}
Potions
 c - a potion of heal wounds {unknown}
Comestibles
 d - 2 rations


   Skills:
 + Level 1.3 Short Blades
 + Level 1.8 Dodging
 + Level 4.8 Stealth
 - Level 2.0 Spellcasting
 + Level 3.2 Hexes


You had 4 spell levels left.
You knew the following spells:

 Your Spells              Type           Power        Failure   Level  Hunger
a - Corona                Hex            ##.....      6%          1    #......

Your spell library contained the following spells:

 Spells                   Type           Power        Failure   Level  Hunger
 Ensorcelled Hibernation  Hex/Ice        #.....       17%         2    ###....
 Confuse                  Hex            ##......     19%         3    ###....
 Tukima's Dance           Hex            ##......     19%         3    ###....
 Dazzling Spray           Conj/Hex       #.....       34%         3    ###....


Dungeon Overview and Level Annotations

Branches:
Dungeon (1/15)

Altars:


Innate Abilities, Weirdness & Mutations

You cannot wear boots.
Your serpentine skin is tough. (AC +0)
You have supernaturally acute eyesight. (SInv)
Armour fits poorly on your strangely shaped body.
Your system is resistant to poisons. (rPois)
You cover ground very slowly.
You have a slow metabolism.
You can spit poison.


Message History

The kobold hits the bush but does no damage.
The kobold hits the plant but does no damage.
The kobold closely misses you. The kobold barely misses you.
The kobold hits the plant but does no damage.
The kobold hits something but does no damage.
The kobold hits you with a +0 club.
The kobold hits something but does no damage.
The kobold hits you but does no damage. The kobold hits you but does no damage.
You are too injured to fight recklessly!
You are too injured to fight recklessly!
You hit the kobold but do no damage.
The kobold is moderately wounded.
The kobold hits you with a +0 club.
* * * LOW HITPOINT WARNING * * *
You hit the kobold but do no damage.
The kobold is moderately wounded.
The kobold hits you with a +0 club.
You die...

#... ### #.## ..# #.## #.#
#.## # #.# #.## ♣♣P
#.#####.###.## P.≈.
#..†......#.#.
.....P################)#.#...
......P#.KKK@......(..>#†#.#.
..§....)(K##############.#.#.
......P##(# #.#.## .....PP
#.# #.#..# P...PP♣ #.# #.##.#
♣♣♣#♣P #.# #.##.# ## #.#
#.#..# #.# #.##.# .# #[....


You could see 4 kobolds.

Vanquished Creatures
  A giant cockroach (D:1)
  3 goblins (D:1)
  2 hobgoblins (D:1)
  2 kobolds (D:1)
  2 bats (D:1)
  3 rats (D:1)
13 creatures vanquished.

Notes
Turn   | Place    | Note
-------+----------+-------------------------------------------
     0 | D:1      | Bikalo the Naga Enchanter began the quest for the Orb.
     0 | D:1      | Reached XP level 1. HP: 15/15 MP: 3/3
    79 | D:1      | Reached XP level 2. HP: 22/22 MP: 5/5
   202 | D:1      | Slain by a kobold

Levels and vault maps discovered:
D:1:      nzn_arrival_crosshair, layout_basic, lexackson_kobold_supper

Action                   || total
-------------------------++-------
Melee: Dagger            ||    37
 Cast: Corona            ||     3
 Stab: Sleeping          ||     9
Armor: Robe              ||     1
Dodge: Dodged            ||    15

Table legend:
 A = Non-vault XP
 B = Vault XP
 C = Vault XP percentage of total XP
 D = Non-vault monster count
 E = Vault monster count
 F = Vault count percentage of total count
                 A         B        C        D         E       F
            +---------+---------+-------+---------+---------+-------
      Total |      20 |       2 |   9.1 |      12 |       1 |   7.7
            +---------+---------+-------+---------+---------+-------
        D:1 |      20 |       2 |   9.1 |      12 |       1 |   7.7
            +---------+---------+-------+---------+---------+-------
